XFBL
CALIFORNIA ANGELS @ SEATTLE MARINERS
08/06/1982
 
TOP OF THE 1ST
California Angels batting - Pitching for Seattle Mariners : LHP Randy Jones
Pitching: LHP Randy Jones
Batting: RHB Charlie Moore 0-0: Ground out 6-3 (Groundball, 6, EV 98.8 MPH)
Batting: LHB Ralph Garr 0-0: Called Strike
0-1: Swinging Strike
0-2: Ball
1-2: Ground out 6-3 (Groundball, 4M, EV 106.9 MPH)
Batting: LHB Brian Rosinski 0-0: Foul Ball, location: 2F
0-1: Fly out, F6 (Flyball, 56D, EV 75.0 MPH)
Top of the 1st over - 0 runs, 0 hits, 0 errors, 0 left on base; California 0 - Seattle 0
BOTTOM OF THE 1ST
Seattle Mariners batting - Pitching for California Angels : LHP Ray Fontenot
Pitching: LHP Ray Fontenot
Batting: SHB Miguel Dilone 0-0: Ball
1-0: Ball
2-0: Ball
3-0: Called Strike
3-1: SINGLE (Line Drive, 6MD, EV 110.6 MPH)
Batting: LHB Mike Stenhouse 0-0: Called Strike
0-1: Ball
1-1: Ball
2-1: Bunt missed!
2-2: Foul Ball, location: 2F
2-2: Ball
Wild Pitch!
Miguel Dilone to second
3-2: Fly out, F8 (Flyball, 8LM, EV 91.3 MPH)
Batting: RHB Robin Yount 0-0: Ball
1-0: Fly out, F7 (Flyball, 7, EV 85.0 MPH)
Batting: LHB Don Mattingly 0-0: Ball
1-0: Ball
2-0: Called Strike
2-1: Ball
3-1: Base on Balls
Batting: LHB Chris Wynn 0-0: Swinging Strike
0-1: Ball
1-1: Ball
2-1: Ball
3-1: Foul Ball, location: 2F
3-2: Foul Ball, location: 2F
3-2: Base on Balls
Miguel Dilone to third
Don Mattingly to second
Batting: RHB John Rabb 0-0: Called Strike
0-1: Swinging Strike
0-2: SINGLE (Flyball, 8RS, EV 88.1 MPH)
Miguel Dilone scores
Don Mattingly to third
Chris Wynn to second
Runner from 3rd tries for Home, SAFE, throw by CF to home
Batting: LHB Jose Perales 0-0: Called Strike
0-1: Called Strike
0-2: SINGLE (Line Drive, 7S, EV 99.4 MPH)
Chris Wynn to third
John Rabb to second
Runner from 3rd tries for Home, SAFE, throw by LF to home
Batting: RHB Ryne Sandberg 0-0: Ball
1-0: Foul Ball, location: 2F
1-1: Ball
2-1: Called Strike
2-2: Foul Ball, location: 2F
2-2: Foul Ball, location: 2F
2-2: Ball
3-2: Base on Balls
John Rabb to third
Jose Perales to second
Batting: LHB Ivan Flores 0-0: Ball
1-0: Called Strike
1-1: Called Strike
1-2: Strikes out looking
Bottom of the 1st over - 3 runs, 3 hits, 0 errors, 3 left on base; California 0 - Seattle 3
TOP OF THE 2ND
California Angels batting - Pitching for Seattle Mariners : LHP Randy Jones
Batting: RHB Frank White 0-0: Ball
1-0: Called Strike
1-1: Ball
2-1: SINGLE (Line Drive, 4D, EV 101.3 MPH)
Batting: RHB Carlos Pimentel 0-0: SINGLE (Line Drive, 34D, EV 97.5 MPH)
Frank White to second
Runner from 2nd tries for 3rd, SAFE, throw by RF made to third
Batting: RHB Jeff Atherton 0-0: Ball
1-0: Ball
2-0: Fly out, F8 (Line Drive, 8RM, EV 88.8 MPH)
Runner from 3rd tags up, SCORES, no throw by CF
Batting: LHB John Milner 0-0: Ball
1-0: Fly out, F8 (Flyball, 8LD, EV 81.9 MPH)
Batting: SHB Manny Castillo 0-0: Ball
1-0: Fly out, F5 (Popup, 5SF, EV 77.5 MPH)
Top of the 2nd over - 1 run, 2 hits, 0 errors, 1 left on base; California 1 - Seattle 3
BOTTOM OF THE 2ND
Seattle Mariners batting - Pitching for California Angels : LHP Ray Fontenot
Batting: SHB Miguel Dilone 0-0: Ball
1-0: Ball
2-0: Ball
3-0: Base on Balls
Batting: LHB Mike Stenhouse 0-0: Called Strike
0-1: Ball
Wild Pitch!
Miguel Dilone to second
1-1: Ball
2-1: Swinging Strike
2-2: Foul Ball, location: 2F
2-2: Ball
3-2: Base on Balls
Batting: RHB Robin Yount 0-0: SINGLE (Groundball, 25, EV 73.1 MPH) (infield hit)
Miguel Dilone to third
Mike Stenhouse to second
Batting: LHB Don Mattingly 0-0: Fielders Choice at 2nd, 3-6 (Groundball, 34, EV 79.4 MPH)
Miguel Dilone scores
Mike Stenhouse to third
Batting: LHB Chris Wynn 0-0: Ball
1-0: Fly out, F8 (Flyball, 8LD, EV 100.6 MPH)
Runner from 3rd tags up, SCORES, throw by CF
Batting: RHB John Rabb 0-0: Ball
1-0: Foul Ball, location: 2F
1-1: Fly out, F8 (Flyball, 8LS, EV 87.5 MPH)
Bottom of the 2nd over - 2 runs, 1 hit, 0 errors, 1 left on base; California 1 - Seattle 5
TOP OF THE 3RD
California Angels batting - Pitching for Seattle Mariners : LHP Randy Jones
Batting: SHB Ignacio Medina 0-0: Ball
1-0: Swinging Strike
1-1: Ball
2-1: Foul Ball, location: 2F
2-2: Fly out, F8 (Flyball, 8RXD, EV 100.6 MPH)
Batting: RHB Charlie Moore 0-0: Foul Ball, location: 2F
0-1: Ground out 3-1 (Groundball, 34S, EV 85.0 MPH)
Batting: LHB Ralph Garr 0-0: Called Strike
0-1: Swinging Strike
0-2: Ball
1-2: Strikes out swinging
Top of the 3rd over - 0 runs, 0 hits, 0 errors, 0 left on base; California 1 - Seattle 5
BOTTOM OF THE 3RD
Seattle Mariners batting - Pitching for California Angels : LHP Ray Fontenot
Batting: LHB Jose Perales 0-0: Ball
1-0: Ball
2-0: Swinging Strike
2-1: Foul Ball, location: 2F
2-2: Ball
3-2: Foul Ball, location: 2F
3-2: Fly out, F6 (Popup, 6, EV 60.6 MPH)
Batting: RHB Ryne Sandberg 0-0: Ball
1-0: Called Strike
1-1: Swinging Strike
1-2: Strikes out swinging
Batting: LHB Ivan Flores 0-0: Called Strike
0-1: Ball
1-1: Called Strike
1-2: Ball
2-2: Fly out, F9 (Flyball, 9S, EV 86.9 MPH)
Bottom of the 3rd over - 0 runs, 0 hits, 0 errors, 0 left on base; California 1 - Seattle 5
TOP OF THE 4TH
California Angels batting - Pitching for Seattle Mariners : LHP Randy Jones
Batting: LHB Brian Rosinski 0-0: Ball
1-0: Ball
2-0: Foul Ball, location: 2F
2-1: Fly out, F9 (Flyball, 9LS, EV 89.4 MPH)
Batting: RHB Frank White 0-0: Ground out 4-3 (Groundball, 34, EV 105.6 MPH)
Batting: RHB Carlos Pimentel 0-0: Ball
1-0: SINGLE (Groundball, 56S, EV 72.5 MPH) (infield hit)
Batting: RHB Jeff Atherton 0-0: Fly out, F8 (Flyball, 8RM, EV 80.0 MPH)
Top of the 4th over - 0 runs, 1 hit, 0 errors, 1 left on base; California 1 - Seattle 5
BOTTOM OF THE 4TH
Seattle Mariners batting - Pitching for California Angels : LHP Ray Fontenot
Batting: SHB Miguel Dilone 0-0: Called Strike
0-1: Swinging Strike
0-2: Ball
1-2: Ball
2-2: Foul Ball, location: 2F
2-2: Ball
3-2: Fly out, F7 (Flyball, 7S, EV 90.0 MPH)
Batting: LHB Mike Stenhouse 0-0: Swinging Strike
0-1: Ball
1-1: Ball
2-1: Ball
3-1: Base on Balls
Batting: RHB Robin Yount 0-0: Ball
1-0: Fly out, F6 (Flyball, 6D, EV 88.1 MPH)
Batting: LHB Don Mattingly 0-0: Ball
1-0: Called Strike
1-1: Foul Ball, location: 2F
1-2: Foul Ball, location: 2F
1-2: Fly out, F7 (Flyball, 78M, EV 82.5 MPH)
Bottom of the 4th over - 0 runs, 0 hits, 0 errors, 1 left on base; California 1 - Seattle 5
TOP OF THE 5TH
California Angels batting - Pitching for Seattle Mariners : LHP Randy Jones
Batting: LHB John Milner 0-0: Foul Ball, location: 2F
0-1: Ball
1-1: Fly out, F5 (Popup, 5F, EV 69.4 MPH)
Batting: SHB Manny Castillo 0-0: Ball
1-0: SINGLE (Line Drive, 6M, EV 104.4 MPH)
Batting: SHB Ignacio Medina 0-0: Ball
1-0: SINGLE (Groundball, 5S, EV 69.4 MPH) (infield hit)
Manny Castillo to second
Batting: RHB Charlie Moore 0-0: Ball
1-0: Ball
2-0: Called Strike
2-1: Fielders Choice at 2nd, 3-6 (Groundball, 3S, EV 78.1 MPH)
Manny Castillo to third
Batting: LHB Ralph Garr 0-0: Called Strike
0-1: Ball
Charlie Moore is caught stealing 2nd base 2-6
Top of the 5th over - 0 runs, 2 hits, 0 errors, 1 left on base; California 1 - Seattle 5
BOTTOM OF THE 5TH
Seattle Mariners batting - Pitching for California Angels : LHP Ray Fontenot
Batting: LHB Chris Wynn 0-0: Called Strike
0-1: Foul Ball, location: 2F
0-2: Ball
1-2: Ball
2-2: Foul Ball, location: 2F
2-2: Strikes out swinging
Batting: RHB John Rabb 0-0: Fly out, F9 (Flyball, 89S, EV 75.6 MPH)
Batting: LHB Jose Perales 0-0: Called Strike
0-1: Foul Ball, location: 2F
0-2: Foul Ball, location: 2F
0-2: Foul Ball, location: 2F
0-2: Ball
1-2: Fly out, F8 (Flyball, 8RD, EV 87.5 MPH)
Bottom of the 5th over - 0 runs, 0 hits, 0 errors, 0 left on base; California 1 - Seattle 5
TOP OF THE 6TH
California Angels batting - Pitching for Seattle Mariners : LHP Randy Jones
Batting: LHB Ralph Garr 0-0: Ball
1-0: Called Strike
1-1: Ground out 6-3 (Groundball, 56, EV 98.8 MPH)
Batting: LHB Brian Rosinski 0-0: Ball
1-0: Swinging Strike
1-1: Swinging Strike
1-2: Strikes out swinging
Batting: RHB Frank White 0-0: Foul Ball, location: 2F
0-1: Swinging Strike
0-2: Ground out U3 (Groundball, 34S, EV 85.6 MPH)
Top of the 6th over - 0 runs, 0 hits, 0 errors, 0 left on base; California 1 - Seattle 5
BOTTOM OF THE 6TH
Seattle Mariners batting - Pitching for California Angels : LHP Ray Fontenot
Pitching: LHP Bob McClure
Batting: RHB Ryne Sandberg 0-0: Ball
1-0: Foul Ball, location: 2F
1-1: Called Strike
1-2: Fly out, F9 (Flyball, 89XD, EV 83.8 MPH)
Batting: LHB Ivan Flores 0-0: Ground out 5-3 (Groundball, 56, EV 103.1 MPH)
Batting: SHB Miguel Dilone 0-0: Ground out 6-3 (Groundball, 6, EV 107.5 MPH)
Bottom of the 6th over - 0 runs, 0 hits, 0 errors, 0 left on base; California 1 - Seattle 5
TOP OF THE 7TH
California Angels batting - Pitching for Seattle Mariners : LHP Randy Jones
Batting: RHB Carlos Pimentel 0-0: Ball
1-0: Fly out, F9 (Flyball, 9D, EV 93.1 MPH)
Batting: RHB Jeff Atherton 0-0: Ball
1-0: Ground out 5-3 (Groundball, 56, EV 103.1 MPH)
Batting: LHB John Milner 0-0: Foul Ball, location: 2F
0-1: Ball
1-1: Foul Ball, location: 2F
1-2: Fly out, F8 (Flyball, 78M, EV 83.1 MPH)
Top of the 7th over - 0 runs, 0 hits, 0 errors, 0 left on base; California 1 - Seattle 5
BOTTOM OF THE 7TH
Seattle Mariners batting - Pitching for California Angels : LHP Bob McClure
Batting: LHB Mike Stenhouse 0-0: Called Strike
0-1: Ball
1-1: Swinging Strike
1-2: Strikes out swinging
Batting: RHB Robin Yount 0-0: Called Strike
0-1: Ground out 5-3 (Groundball, 5L, EV 88.8 MPH)
Batting: LHB Don Mattingly 0-0: Called Strike
0-1: Ball
1-1: Swinging Strike
1-2: Ball
2-2: Ground out U3 (Groundball, 3, EV 84.4 MPH)
Bottom of the 7th over - 0 runs, 0 hits, 0 errors, 0 left on base; California 1 - Seattle 5
TOP OF THE 8TH
California Angels batting - Pitching for Seattle Mariners : LHP Randy Jones
Batting: SHB Manny Castillo 0-0: Ground out 5-3 (Groundball, 5S, EV 61.9 MPH)
Batting: SHB Ignacio Medina 0-0: Fly out, F7 (Flyball, 78M, EV 79.4 MPH)
Batting: RHB Charlie Moore 0-0: Ball
1-0: Foul Ball, location: 2F
1-1: Ball
2-1: Called Strike
2-2: Ground out 6-3 (Groundball, 56D, EV 98.8 MPH)
Top of the 8th over - 0 runs, 0 hits, 0 errors, 0 left on base; California 1 - Seattle 5
BOTTOM OF THE 8TH
Seattle Mariners batting - Pitching for California Angels : LHP Bob McClure
Batting: LHB Chris Wynn 0-0: Ball
1-0: Called Strike
1-1: Ball
2-1: Ball
3-1: Ground out U3 (Groundball, 3, EV 99.4 MPH)
Batting: RHB John Rabb 0-0: Called Strike
0-1: Ball
1-1: Ball
2-1: Ball
3-1: Base on Balls
Pitching: RHP Mike Proly
Batting: LHB Jose Perales 0-0: Called Strike
0-1: Called Strike
0-2: Ball
John Rabb steals 2nd base (no throw)
1-2: Ground out U3 (Groundball, 3, EV 86.3 MPH)
John Rabb to third
Batting: RHB Ryne Sandberg 0-0: Called Strike
0-1: Ball
1-1: Called Strike
1-2: Foul Ball, location: 2F
1-2: DOUBLE (Line Drive, 7LM, EV 94.4 MPH)
John Rabb scores
Batting: LHB Ivan Flores 0-0: Ball
1-0: Called Strike
1-1: Ball
2-1: Fly out, F8 (Flyball, 8RD, EV 90.6 MPH)
Bottom of the 8th over - 1 run, 1 hit, 0 errors, 1 left on base; California 1 - Seattle 6
TOP OF THE 9TH
California Angels batting - Pitching for Seattle Mariners : LHP Randy Jones
Batting: LHB Ralph Garr 0-0: Ball
1-0: Swinging Strike
1-1: Ball
2-1: Called Strike
2-2: SINGLE (Line Drive, 3D, EV 96.9 MPH)
Pitching: RHP Nick Bowditch
Batting: LHB Brian Rosinski 0-0: Called Strike
0-1: Called Strike
0-2: Ball
1-2: Foul Ball, location: 2F
1-2: Strikes out swinging
Batting: RHB Frank White 0-0: Foul Ball, location: 2F
0-1: Called Strike
0-2: Ball
1-2: Fly out, F8 (Line Drive, 8RM, EV 90.6 MPH)
Batting: RHB Carlos Pimentel 0-0: Ball
1-0: Foul Ball, location: 2F
1-1: Ball
2-1: Fielders Choice at 2nd, 6-4 (Groundball, 6, EV 107.5 MPH)
Top of the 9th over - 0 runs, 1 hit, 0 errors, 1 left on base; California 1 - Seattle 6
Thursday, August 20th, 2020 - OOTP Baseball 21.5 Build 76